 Dungeon Crawl Stone Soup version 0.30-a0-726-gd89dcf765f (webtiles) character file.

Game seed: 16746981216433994907

9161 Bnni the Cleaver (level 11, 0/92 HPs)
             Began as a Formicid Fighter on Jan 29, 2023.
             Was a High Priest of Okawaru.
             Slain by a yak (7 damage)
             ... on level 8 of the Dungeon.
             The game lasted 00:10:15 (7086 turns).

Bnni the Cleaver (Formicid Fighter)                 Turns: 7086, Time: 00:10:16

Health: 0/92       AC: 16    Str: 31    XL:     11   Next: 69%
Magic:  14/16      EV:  6    Int:  8    God:    Okawaru [*****.]
Gold:   335        SH: 10    Dex: 13    Spells: 10/10 levels left

rFire   . . .      SeeInvis +    a - +0 war axe
rCold   . . .      Faith    .    G - +0 kite shield
rNeg    . . .      Spirit   .    r - +0 plate armour
rPois   +          Reflect  .    (helmet unavailable)
rElec   .          Harm     .    d - +0 cloak
rCorr   .          Rampage  .    B - +2 pair of gloves
Will    +....                    o - +0 pair of boots Stlth
                                 (no amulet)
HPRegen 0.35/turn                i - ring of poison resistance
MPRegen 0.15/turn                p - +6 ring of strength

@: no status effects
A: permanent stasis, dig shafts and tunnels, antennae 3, four strong arms
a: Dig, Shaft Self, Renounce Religion, Heroism, Finesse, Duel


You were on level 8 of the Dungeon.
You worshipped Okawaru.
Okawaru was extremely pleased with you.
You visited 2 branches of the dungeon, and saw 9 of its levels.

You collected 335 gold pieces.

Inventory:

Hand Weapons
 a - a +0 war axe (weapon)
Missiles
 f - 24 poisoned darts
Armour
 d - a +0 cloak (worn)
 o - a +0 pair of boots (worn)
 r - a +0 plate armour (worn)
 B - a +2 pair of gloves (worn)
 G - a +0 kite shield (worn)
Jewellery
 i - a ring of poison resistance (left hand)
 p - a +6 ring of strength (right hand)
Wands
 v - a wand of flame (10)
 I - a wand of quicksilver (4)
Scrolls
 b - a scroll of fog
 e - a scroll of magic mapping
 g - 3 scrolls of amnesia
 h - 2 scrolls of enchant armour {unknown}
 n - 2 scrolls of vulnerability
 x - a scroll of poison
 y - 2 scrolls of silence
 A - a scroll of enchant weapon {unknown}
Potions
 j - 3 potions of cancellation {unknown}
 q - 2 potions of flight
 s - 2 potions of magic {unknown}
 t - a potion of might
 u - 2 potions of brilliance {unknown}
 w - a potion of invisibility {unknown}
 z - 2 potions of degeneration {unknown}
 C - a potion of attraction {unknown}
 D - a potion of mutation {unknown}
 F - a potion of resistance {unknown}
 H - a potion of haste {unknown}


   Skills:
 + Level 10.3 Fighting
 * Level 12.7 Axes
 - Level 3.2 Armour
 + Level 8.5 Shields
 + Level 7.3 Invocations


You had 10 spell levels left.
You didn't know any spells.
Your spell library contained the following spells:

 Spells                   Type           Power      Damage    Failure   Level
 Apportation              Tloc           0%         N/A       100%        1
 Necrotise                Necr           0%         1d4       100%        1
 Slow                     Hex            0%         N/A       100%        1
 Lesser Beckoning         Tloc           0%         N/A       100%        2
 Confusing Touch          Hex            0%         N/A       100%        3
 Gell's Gravitas          Tloc           0%         N/A       100%        3
 Portal Projectile        Hex/Tloc       0%         N/A       100%        3
 Stone Arrow              Conj/Erth      0%         3d7       100%        3
 Teleport Other           Tloc           0%         N/A       100%        3
 Vampiric Draining        Necr           0%         2d6       100%        3
 Airstrike                Air            0%         2d(0-16)  100%        4
 Blade Hands              Tmut           0%         N/A       100%        5
 Silence                  Hex/Air        0%         N/A       100%        5
 Lehudib's Crystal Spear  Conj/Erth      0%         10d2      100%        8
 Summon Small Mammal      Summ           Unusable   N/A       N/A         1
 Blink                    Tloc           Unusable   N/A       N/A         2
 Tukima's Dance           Hex            Unusable   N/A       N/A         3
 Animate Armour           Summ/Erth      Unusable   N/A       N/A         4

Dungeon Overview and Level Annotations

Branches:
Dungeon (8/15)             Temple (1/1) D:5
   Lair: D:8-11

Altars:
Ashenzari
Fedhas
Hepliaklqana
Kikubaaqudgha
Nemelex Xobeh
Okawaru
Trog


Innate Abilities, Weirdness & Mutations

You cannot be hasted, slowed, berserked, paralysed or teleported.
You can dig through walls and to a lower floor.
You have a pair of large antennae on your head. (SInv)
Your four strong arms can wield two-handed weapons with a shield.


Message History

You hit the death yak.
The death yak is lightly wounded.
You block the death yak's attack.
You slice the death yak!!
The death yak is moderately wounded.
You slice the death yak!!
The death yak is severely wounded.
You block the death yak's attack.
You slice the death yak!!
The death yak is almost dead.
You slice the death yak!!
You kill the death yak!
Okawaru is honoured by your kill.
You slash the yak!
The yak is moderately wounded.
You slash the yak!
The yak is heavily wounded.
You slash the yak!
The yak is moderately wounded.
Your hands slow down.
You barely miss the yak.
The yak is moderately wounded.
You barely miss the yak.
The yak is moderately wounded.
You feel a little less mighty now. The yak gores you!
* * * LOW HITPOINT WARNING * * *
You slash the yak!
The yak is almost dead.
The yak gores you!
* * * LOW HITPOINT WARNING * * *
You feel better. The yak gores you!
* * * LOW HITPOINT WARNING * * *
You slash the yak!
You kill the yak!
Okawaru accepts your kill.
You slash the yak!
The yak is severely wounded.
The yak gores you!
You die...

.... ##...##
##...####.....# #...
......... { #..#
....... .. ..# .....
..##### #.# .Y. #.....#
#.### #Y#
#.....###...####@#
#........#...#..#
##.#....###.....####
#......###........# #
#......##...........
.##...................#
..#...#...............#
#...#####...##...####.#
#...# #........# ..


You could see 2 yaks.

Vanquished Creatures
  7 death yaks (D:8)
  The ghost of Heedrag the Geomancer, a novice GrEE of Vehumet (D:7)
  The ghost of Vildbasse the Trooper, a novice MiFi of the Shining One (D:7)
  Pikel (D:4)
  The ghost of thfrgi the Slicer, a novice GnWn of Nemelex Xobeh (D:7)
  Sigmund (D:2)
  3 yaks (D:8)
  2 ice beasts
  4 sky beasts
  An ogre (Temple)
  A centaur (D:7)
  2 kobold brigands (D:6)
  4 bullfrogs (D:7)
  3 scorpions
  2 gnoll sergeants
  3 killer bees (D:7)
  3 electric eels (D:4)
  3 howler monkeys
  2 jellies (D:6)
  An orc priest (D:7)
  A gnoll bouda (D:7)
  2 hounds
  Crazy Yiuf (D:2)
  5 iguanas
  2 orc wizards
  10 river rats (D:6)
  4 adders
  25 gnolls
  A white imp (D:7)
  An ufetubus (D:4)
  2 worms (D:4)
  4 dart slugs
  10 orcs
  7 bats
  3 endoplasms
  3 giant cockroaches
  8 goblins
  11 hobgoblins
  4 jackals (D:1)
  10 quokkas
  6 ball pythons
  6 frilled lizards
  15 kobolds
  22 rats
209 creatures vanquished.

Vanquished Creatures (others)
  9 fungi
  2 plants (D:4)
  4 withered plants (D:7)
15 creatures vanquished.

Grand Total: 224 creatures vanquished

Notes
Turn   | Place    | Note
-------+----------+-------------------------------------------
     0 | D:1      | Bnni the Formicid Fighter began the quest for the Orb.
     0 | D:1      | Reached XP level 1. HP: 18/18 MP: 1/1
    66 | D:1      | Found a faded altar of an unknown god.
    89 | D:1      | Reached XP level 2. HP: 23/24 MP: 2/2
   213 | D:1      | Reached XP level 3. HP: 29/30 MP: 3/3
   215 | D:1      | Reached skill level 3 in Axes
   622 | D:2      | Reached XP level 4. HP: 26/37 MP: 4/4
   927 | D:2      | Noticed Sigmund
   940 | D:2      | Killed Sigmund
   941 | D:2      | Reached skill level 5 in Fighting
   941 | D:2      | Reached skill level 5 in Axes
   941 | D:2      | Reached XP level 5. HP: 31/44 MP: 5/5
   941 | D:2      | Reached XP level 6. HP: 36/51 MP: 6/6
  1419 | D:2      | Found a runed translucent door.
  1420 | D:2      | Noticed Crazy Yiuf
  1427 | D:2      | Killed Crazy Yiuf
  1941 | D:3      | Found a broken altar of Ashenzari.
  2262 | D:3      | Found a blossoming altar of Fedhas.
  2729 | D:4      | Noticed Pikel
  2746 | D:4      | Killed Pikel
  2747 | D:4      | Reached skill level 7 in Axes
  2747 | D:4      | Reached XP level 7. HP: 29/58 MP: 7/7
  2747 | D:4      | Reached XP level 8. HP: 32/64 MP: 8/8
  3144 | D:4      | Got the Elucidation of Non-Euclidean Air
  3146 | D:4      | Found a transporter.
  3163 | D:4      | Found a transporter.
  3259 | D:4      | Reached skill level 8 in Axes
  3912 | D:5      | Entered Level 5 of the Dungeon
  3912 | D:5      | Found a staircase to the Ecumenical Temple.
  3920 | Temple   | Entered the Ecumenical Temple
  3932 | Temple   | Became a worshipper of Warmaster Okawaru
  3944 | D:5      | Reached XP level 9. HP: 72/72 MP: 9/9
  3954 | Temple   | Reached skill level 9 in Axes
  4813 | D:6      | Reached skill level 1 in Invocations
  4919 | D:6      | Found a sparkling altar of Nemelex Xobeh.
  5235 | D:6      | Reached * piety under Okawaru
  5623 | D:6      | Reached skill level 10 in Axes
  6151 | D:7      | Reached XP level 10. HP: 72/82 MP: 12/12
  6226 | D:7      | Reached ** piety under Okawaru
  6337 | D:7      | Reached skill level 5 in Shields
  6453 | D:7      | Found a runed translucent gate.
  6453 | D:7      | Found a runed translucent gate.
  6454 | D:7      | Found a runed translucent gate.
  6458 | D:7      | Noticed Heedrag's ghost (novice GrEE)
  6458 | D:7      | Noticed thfrgi's ghost (novice GnWn)
  6458 | D:7      | Noticed Vildbasse's ghost (novice MiFi)
  6851 | D:7      | Killed Heedrag's ghost
  6852 | D:7      | Reached skill level 11 in Axes
  6859 | D:7      | Killed thfrgi's ghost
  6859 | D:7      | Reached *** piety under Okawaru
  6860 | D:7      | Reached skill level 5 in Invocations
  6864 | D:7      | Killed Vildbasse's ghost
  7005 | D:8      | Noticed a death yak
  7006 | D:8      | Noticed a death yak
  7008 | D:8      | Noticed a death yak
  7008 | D:8      | Noticed a death yak
  7011 | D:8      | Noticed a death yak
  7011 | D:8      | Noticed a death yak
  7012 | D:8      | Noticed a death yak
  7023 | D:8      | Killed a death yak
  7023 | D:8      | Reached **** piety under Okawaru
  7024 | D:8      | Reached XP level 11. HP: 51/89 MP: 13/15
  7030 | D:8      | Killed a death yak
  7031 | D:8      | Reached skill level 12 in Axes
  7039 | D:8      | Killed a death yak
  7046 | D:8      | Killed a death yak
  7047 | D:8      | Reached skill level 10 in Fighting
  7056 | D:8      | Killed a death yak
  7056 | D:8      | Reached ***** piety under Okawaru
  7066 | D:8      | HP: 1/90 [death yak (21)]
  7071 | D:8      | Killed a death yak
  7077 | D:8      | Killed a death yak
  7086 | D:8      | Slain by a yak

Illustrated notes

Levels and vault maps discovered:
D:1:      lightli_iron_boxes, layout_rooms, ebering_ecumenical_altar_mist
D:2:      layout_loops_cross, uniq_sigmund, uniq_crazy_yiuf_cottage
D:3:      layout_basic, mainiacjoe_overflow_tiny_flanked,
          mainiacjoe_overflow_paths
D:4:      gammafunk_steamed_eel, layout_basic, uniq_pikel
D:5:      layout_rooms, minmay_temple_entry_mist, serial_aquarium,
          aquarium_bridge_long_joined [aquarium_subvault_bridge,
          aquarium_subvault_bridge, aquarium_subvault_bridge,
          aquarium_subvault_wall, aquarium_subvault_window,
          aquarium_subvault_wall], aquarium_window_fake, aquarium_window_1,
          aquarium_view_2b, aquarium_view_2e, chequers_serial_rivers_micro_c,
          nrook_uturn
D:6:      lemuel_ratsnest, layout_loops_ring, nemelex_diamond_rough_becter,
          minmay_hedge_maze
D:7:      layout_loops_cross, gammafunk_ghost_cemetery
D:8:      layout_layer_cave, grunt_temple_overflow_order_and_chaos_2,
          nicolae_overflow_hidden_temple, dpeg_lair_monsters, uniq_psyche
Temple:   eino_wide_crystal_templ

Skill      XL: |  1  2  3  4  5  6  7  8  9 10 11 |
---------------+----------------------------------+-----
Axes           | 3 5 7 8 10 11 12 | 12.7
Fighting       | 4 5 6 7 8 9 10 | 10.3
Invocations    | 3 5 7 |  7.3
Shields        | 7 8 |  8.5
Armour         | |  3.2

Action                     |  1- 3 |  4- 6 |  7- 9 | 10-12 || total
---------------------------+-------+-------+-------+-------++-------
  Melee: War axe           |    61 |   127 |   318 |   149 ||   655
  Throw: Throwing net      |       |       |     1 |     1 ||     2
         Dart              |       |       |       |     1 ||     1
 Invoke: Heroism           |       |       |       |     2 ||     2
         Finesse           |       |       |       |     1 ||     1
Ability: Dig               |       |       |     1 |       ||     1
  Evoke: Wand              |       |       |     3 |       ||     3
    Use: Potion            |       |     1 |       |     7 ||     8
         Scroll            |       |     6 |     5 |       ||    11
   Stab: Held in net/web   |       |       |       |     2 ||     2
 Armour: Scale mail        |    44 |    23 |       |       ||    67
         Plate armour      |       |    19 |   168 |    52 ||   239
  Dodge: Dodged            |    33 |    54 |    73 |    26 ||   186
  Block: Buckler           |    12 |    33 |    63 |    17 ||   125
         Kite shield       |       |       |       |    15 ||    15

Table legend: (Time is in decaauts)
 A = Elapsed time spent in this place.
 B = Non-inter-level travel time spent in this place.
 C = Inter-level travel time spent in this place.
 D = Time resting spent in this place.
 E = Time spent auto-exploring this place.
 F = Levels seen in this place.
 G = Mean time per level.
                   A        B        C        D        E       F      G
               +--------+--------+--------+--------+--------+-----+--------+
         Total |   7149 |   6858 |    291 |    529 |   4919 |   9 |  794.3 |
       Dungeon |   6870 |   6585 |    285 |    293 |   4919 |   8 |  858.8 |
        Temple |    279 |    273 |      6 |    236 |      0 |   1 |  279.0 |
               +--------+--------+--------+--------+--------+-----+--------+

Top non-repeatable levels by time:
     D:4: 1250 daAuts
     D:6: 1132 daAuts
     D:3: 1114 daAuts
     D:2: 1105 daAuts
     D:7: 1079 daAuts
     D:5: 594 daAuts
     D:1: 514 daAuts
  Temple: 279 daAuts
     D:8: 80 daAuts
